 Dungeon Crawl Stone Soup version 0.29.1-2-gbd0b4ee654 (webtiles) character file.

Game seed: 5574128072933917521

812 GorkyZ the Shield-Bearer (level 8, -5/59 (61) HPs)
             Began as a Formicid Fighter on Nov 22, 2022.
             Was an Initiate of Gozag.
             Slain by a killer bee (7 damage)
             ... on level 7 of the Dungeon.
             The game lasted 00:14:18 (3680 turns).

GorkyZ the Shield-Bearer (Formicid Fighter)         Turns: 3680, Time: 00:14:19

HP:   -5/59 (61)    AC:  8    Str: 23    XL:     8   Next: 15%
MP:   7/7           EV: 13    Int:  6    God:    Gozag
Gold: 359           SH:  7    Dex: 25    Spells: 7/7 levels left

rFire   . . .      SeeInvis +   G - +2 halberd (vamp)
rCold   . . .      Faith    .   c - +0 buckler
rNeg    . . .      Spirit   .   b - +0 scale mail
rPois   .          Reflect  .   (helmet unavailable)
rElec   .          Harm     .   i - scarf {repulsion}
rCorr   .          Rampage  .   (no gloves)
Will    .....                   u - +0 pair of boots
Stlth   +.........              (no amulet)
HPRegen 0.19/turn               f - +6 ring of dexterity
MPRegen 0.10/turn               A - +6 ring of dexterity

@: lethally poisoned (-5 -> -23), marked, gold aura, flying, studying Dodging,
lightly drained, invisible, repel missiles
A: permanent stasis, dig shafts and tunnels, antennae 3, four strong arms, dopey
1, low MP 1
a: Dig, Shaft Self, Renounce Religion, Potion Petition, Call Merchant, Bribe
Branch


You were on level 7 of the Dungeon.
You worshipped Gozag.
Gozag was aware of your devotion.
You visited 1 branch of the dungeon, and saw 5 of its levels.

You collected 397 gold pieces.
You paid 38 gold pieces to Gozag.

Inventory:

Hand Weapons
 a - a +0 war axe
 G - a +2 vampiric halberd (weapon)
Missiles
 k - 6 curare-tipped darts (quivered)
 r - 5 datura-tipped darts
 v - 4 silver boomerangs
 B - 5 poisoned darts
 F - a throwing net
Armour
 b - a +0 scale mail (worn)
 c - a +0 buckler (worn)
 i - a scarf of repulsion (worn)
 u - a +0 pair of boots (worn)
 y - a +0 plate armour
 H - a scarf of shadows
Jewellery
 f - a +6 ring of dexterity (left hand)
 q - a +6 ring of intelligence
 A - a +6 ring of dexterity (right hand)
 J - a ring of poison resistance
Wands
 I - a wand of mindburst (21)
Scrolls
 e - 5 scrolls of teleportation {unknown}
 m - a scroll of noise {unknown}
 n - a scroll of enchant weapon {unknown}
 p - 3 scrolls of fog {unknown}
 s - a scroll of magic mapping {unknown}
 t - a scroll of identify {unknown}
 w - a scroll of enchant armour {unknown}
 x - a scroll of immolation {unknown}
 z - a scroll of amnesia {unknown}
 C - a scroll of summoning {unknown}
 D - a scroll of fear {unknown}
Potions
 d - a potion of might
 g - 2 potions of magic
 h - a potion of mutation
 j - 2 potions of haste
 o - a potion of invisibility
 E - a potion of brilliance {unknown}


   Skills:
 + Level 4.5 Fighting
 - Level 2.6(3.0) Axes
 + Level 1.9(2.6) Polearms
 + Level 2.8 Throwing
 + Level 4.6 Armour
 * Level 5.1 Dodging
 + Level 5.6 Shields
 + Level 3.1 Evocations


You had 7 spell levels left.
You didn't know any spells.
Your spell library contained the following spells:

 Spells                   Type           Power      Damage    Failure   Level
 Call Canine Familiar     Summ           0%         N/A       99%         3
 Portal Projectile        Hex/Tloc       0%         N/A       99%         3
 Leda's Liquefaction      Hex/Erth       0%         N/A       100%        4


Dungeon Overview and Level Annotations

Branches:
Dungeon (4/15)
 Temple: D:4-7

Altars:
Elyvilon
Gozag

Annotations:
D:7 Prince Ribbit


Innate Abilities, Weirdness & Mutations

You cannot be hasted, slowed, berserked, paralysed or teleported.
You can dig through walls and to a lower floor.
You have a pair of large antennae on your head. (SInv)
Your four strong arms can wield two-handed weapons with a shield.
You are dopey. (Int -2)
Your magical capacity is low. (-10% MP)


Message History

The sky beast flickers out of sight for a moment.
Prince Ribbit blinks!
The killer bee stings you but does no damage.
A kobold comes into view. It is wielding a +0 dagger.
It was a potion of magic.
Magic courses through your body.
You feel sick.
You block the killer bee's attack. x2; The killer bee closely misses you.
The killer bee misses you.
A jelly comes into view.
It was a potion of mutation.
You feel extremely strange.
You feel less energetic.
You feel stupid.
You feel sick. The killer bee closely misses you.
Unknown command.
It was a potion of haste.
Your stasis prevents you from being hasted.
You feel sick.
You block the killer bee's attack. x2; Prince Ribbit blinks!
The killer bee stings you.
* * * LOW HITPOINT WARNING * * *
The killer bee stings you but does no damage.
A sky beast comes into view.
An orc comes into view. It is wielding a +0 morningstar.
It was a potion of flight.
You feel very buoyant.
You fly up into the air.
You feel sick. The killer bee closely misses you. The killer bee stings you.
* * * LOW HITPOINT WARNING * * *
You are lethally poisoned!
The killer bee poisons you! The killer bee stings you.
* * * LOW HITPOINT WARNING * * *
You are more poisoned.
The killer bee poisons you! The killer bee closely misses you.
It was a potion of invisibility.
You fade into invisibility!
* * * LOW HITPOINT WARNING * * *
You feel very sick. The killer bee completely misses you.
The killer bee misses you.
The centaur shoots an arrow.
The arrow hits the hobgoblin!
The hobgoblin dies!
The killer bee closely misses you. The killer bee stings you!
You die...
Your body crumbles into a pile of gold.

#.. .# #.♣
.. { #.♣ .#
#.♣ ♣.#
##.♣♣ ..#
#cgK♣♣♣♣♣..#
#$Y{{$$!$..#
#y##gJ.....#
#@yyo......#
####.!.....#
#.{.....#
#...{...#
#.........
#.......##


You could see a sky beast (invisible, unable to see you), a centaur (unable to
see you), a jelly, 3 killer bees, a gnoll (unable to see you), an orc (unable to
see you), a hobgoblin (unable to see you) and a kobold (unable to see you).

Vanquished Creatures
  Sigmund (D:4)
  A bullfrog (D:7)
  2 necrophages (D:4)
  A killer bee (D:7)
  A centaur zombie (D:4)
  A gnoll bouda (D:3)
  A hound (D:4)
  A jelly (D:7)
  Jessica (D:3)
  An iguana (D:4)
  Natasha (D:3)
  A mummy (D:4)
  Robin (D:4)
  5 adders
  9 gnolls
  A shadow imp (D:7)
  An adder zombie (D:4)
  A worm (D:2)
  3 dart slugs
  An orc (D:3)
  4 endoplasms
  A giant cockroach (D:3)
  13 goblins
  5 hobgoblins
  6 kobolds
  4 quokkas
  4 ball pythons
  5 bats
  5 rats
82 creatures vanquished.

Vanquished Creatures (others)
  A hobgoblin (D:7)
1 creature vanquished.

Grand Total: 83 creatures vanquished

Notes
Turn   | Place    | Note
-------+----------+-------------------------------------------
     0 | D:1      | GorkyZ the Formicid Fighter began the quest for the Orb.
     0 | D:1      | Reached XP level 1. HP: 18/18 MP: 1/1
   304 | D:1      | Reached XP level 2. HP: 20/24 MP: 2/2
   903 | D:1      | Reached XP level 3. HP: 29/29 MP: 3/3
  1088 | D:2      | You fall into a shaft and drop 1 floor!
  1409 | D:2      | Reached skill level 1 in Evocations
  1600 | D:2      | Reached skill level 1 in Dodging
  1637 | D:2      | Reached skill level 1 in Throwing
  1637 | D:2      | Reached XP level 4. HP: 35/35 MP: 4/4
  1684 | D:2      | Found an opulent altar of Gozag.
  1690 | D:2      | Became a worshipper of Gozag Ym Sagoz the Greedy
  1724 | D:2      | Found a faded altar of an unknown god.
  2028 | D:3      | Noticed Jessica
  2030 | D:3      | Killed Jessica
  2031 | D:3      | Reached XP level 5. HP: 41/41 MP: 5/5
  2390 | D:4      | Noticed Natasha
  2403 | D:3      | Killed Natasha
  2688 | D:4      | Reached XP level 6. HP: 20/48 MP: 6/6
  2947 | D:4      | Found a white marble altar of Elyvilon.
  3013 | D:4      | Noticed Robin
  3027 | D:4      | Killed Robin
  3105 | D:4      | Reached skill level 5 in Shields
  3195 | D:4      | Noticed Sigmund
  3212 | D:4      | Killed Sigmund
  3213 | D:4      | Reached skill level 1 in Polearms
  3213 | D:4      | Reached XP level 7. HP: 50/54 MP: 7/7
  3396 | D:4      | You fall into a shaft and drop 3 floors!
  3657 | D:7      | Reached XP level 8. HP: 50/55 MP: 8/8
  3659 | D:7      | Reached skill level 5 in Dodging
  3669 | D:7      | Noticed Prince Ribbit
  3677 | D:7      | Gained mutation: Your magical capacity is low. (-10% MP)
                  | [potion of mutation]
  3677 | D:7      | Gained mutation: You are dopey. (Int -2) [potion of
                  | mutation]
  3680 | D:7      | HP: 2/59 [poisoned by a killer bee]
  3680 | D:7      | Slain by a killer bee

Illustrated notes

Levels and vault maps discovered:
D:1:      dpeg_arrival_renting, layout_basic
D:2:      layout_basic, hellmonk_ecumenical_altar_run_dry, basic_altar
D:3:      minmay_inner_zag, layout_basic, mainiacjoe_overflow_large_starburst,
          uniq_jessica
D:4:      layout_rooms, elyvilon_altar_5, nicolae_uskayaw_dance_hall,
          lemuel_mausoleum_altar_yredelemnul, biasface_ghost_orc_armoury,
          uniq_sigmund, uniq_robin, uniq_natasha
D:7:      kennysheep_housing_project, layout_basic, serial_shops, shop,
          nicolae_zen_rock_garden, minmay_shop_mass, nrook_campfire,
          hangedman_feature_mirror, kennysheep_generic_room_10,
          uniq_prince_ribbit1

Skill      XL: |  1  2  3  4  5  6  7  8 |
---------------+-------------------------+-----
Evocations     | 1 2 3 |  3.1
Dodging        | 1 2 4 5 |  5.1
Throwing       | 1 2 |  2.8
Armour         | 4 |  4.6
Fighting       | 4 |  4.5
Shields        | 5 |  5.6
Polearms       | 1 |  1.9
Axes           | |  2.6

Action                   |  1- 3 |  4- 6 |  7- 9 || total
-------------------------+-------+-------+-------++-------
Melee: War axe           |    57 |    57 |       ||   114
       Halberd           |       |    42 |    50 ||    92
Throw: Dart              |       |     2 |     1 ||     3
 Abil: Shaft Self        |       |       |     1 ||     1
  Use: Potion            |       |       |     5 ||     5
 Stab: Distracted        |       |     1 |       ||     1
Armor: Scale mail        |    22 |    51 |    16 ||    89
Dodge: Dodged            |    28 |    74 |    51 ||   153
       Repelled          |     2 |       |       ||     2
Block: Buckler           |    14 |    55 |    31 ||   100
